Map: Catalyst LE

Players

SamuraiFunn

  • Race: Protoss Protoss
  • Spawn Location: 5:00

A.I. 1 (Elite) - Winner!

  • Race: Terran Terran
  • Spawn Location: 11:00

VOD

Have the link to the VOD?

Description

Time

  • Played on: Nov. 24, 2017, 10:13 p.m.
  • Length: 13:49
Show
View Real Time Build Order
Export as new Build Order

SamuraiFunn Protoss 

Build Orders: 1 Gate Expand 

Get SALT Encoding   

  12  0:01  Probe  
  13  0:13  Probe  
  14  0:18  Pylon  
  14  0:25  Probe  
  15  0:31  Assimilator  
  15  0:37  Probe  
  16  0:45  Gateway  
  16  0:49  Probe  
  17  1:01  Probe  
  18  1:05  Assimilator  
  18  1:13  Probe  
  19  1:26  Nexus  
  19  1:28  Probe  
  20  1:42  Cybernetics Core  
  20  1:49  Pylon  
  20  1:56  Probe  
  21  2:04  Assimilator  
  21  2:20  Warp Gate (Chrono Boost)  
  21  2:25  Gateway  
  21  2:33  Gateway  
  21  2:35  Probe  
  22  2:43  Probe  
  22  2:47  Probe  
  23  2:59  Probe  
  23  3:04  Probe  
  25  3:11  Pylon  
  25  3:17  Gateway  
  25  3:24  Probe  
  25  3:25  Probe  
  27  3:30  Assimilator  
  27  3:36  Adept  
  27  3:37  Probe x2  
  31  3:57  Probe x2  
  33  4:12  Twilight Council  
  33  4:15  Pylon  
  33  4:23  Gateway  
  33  4:31  Pylon  
  33  4:33  Stalker  
  33  4:34  Stalker x2  
  33  4:38  Probe x2  
  41  4:57  Pylon  
  41  5:00  Probe  
  41  5:01  Probe  
  41  5:03  Sentry  
  41  5:04  Sentry x2  
  49  5:07  Blink (Chrono Boost)  
  49  5:11  Forge x2  
  49  5:16  Probe x2  
  49  5:21  Assimilator  
  51  5:28  Stalker  
  51  5:29  Stalker x3  
  51  5:33  Probe x2  
  61  5:45  Probe x2  
  63  5:50  Protoss Ground Armor Level 1, Protoss Ground Weapons Level 1  
  63  6:05  Robotics Facility  
  63  6:07  Stalker  
  65  6:19  Probe x2  
  67  6:34  Stalker  
  67  6:35  Stalker  
  67  6:38  Stalker  
  73  6:40  Nexus  
  73  6:42  Assimilator  
  73  6:43  Stalker  
  75  6:47  Assimilator  
  75  6:48  Pylon  
  75  6:52  Pylon  
  75  7:02  Stalker  
  77  7:10  Probe x2  
  77  7:11  Pylon  
  77  7:12  Pylon  
  79  7:24  Stalker  
  79  7:25  Stalker x3  
  87  7:30  Observer  
  89  7:44  Probe x2  
  89  7:49  Stalker x3  
  89  7:50  Stalker  
  98  7:52  Observer, Protoss Ground Armor Level 2, Protoss Shields Level 1  
  99  8:13  Observer, Stalker  
  99  8:14  Stalker x2  
  99  8:18  Probe x3  
  109  8:21  Stalker  
  111  8:30  Probe x3  
  111  8:34  Warp Prism  
  114  8:57  Stalker x3  
  114  8:58  Stalker  
  92  9:39  Stalker x4  
  92  9:45  Gateway  
  100  9:47  Gateway  
  100  9:49  Probe x3, Gateway  
  100  9:51  Gateway  
  103  10:06  Stalker x2  
  103  10:07  Stalker x2  
  111  10:35  Stalker x4  
  76  11:27  Stalker x4  
  84  11:34  Stalker x3  
  90  11:41  Gateway x2  
  90  11:44  Gateway, Stalker  
  90  11:46  Gateway  
  92  12:01  Observer  
  93  12:10  Probe x3  
  93  12:14  Sentry, Stalker  
  93  12:15  Sentry x4  
  108  12:16  Stalker  
  108  12:17  Stalker  
  108  12:22  Probe, Observer  
  114  12:30  Dark Shrine  
  64  12:57  Stalker x4  
  64  12:58  Stalker x2  
  76  12:59  Stalker  
  76  13:10  Stalker  
  77  13:18  Pylon  
  77  13:19  Pylon  
  77  13:20  Pylon  
  77  13:21  Pylon  
  77  13:26  Stalker x3  
  58  13:45  Dark Templar x3  
Show
View Real Time Build Order
Export as new Build Order

A.I. 1 (Elite) Terran - Winner!

Build Orders: Bio Tank 

Get SALT Encoding   

  12  0:00  SCV  
  13  0:13  SCV  
  14  0:19  Supply Depot  
  14  0:25  SCV  
  15  0:40  SCV  
  15  0:42  Barracks  
  16  0:53  SCV  
  17  1:05  SCV  
  18  1:12  Refinery  
  18  1:13  Supply Depot  
  18  1:17  SCV  
  19  1:29  SCV  
  19  1:30  Marine  
  21  1:45  Command Center  
  21  2:07  Barracks  
  21  2:09  SCV  
  21  2:12  Marine  
  21  2:15  Factory  
  23  2:21  SCV  
  24  2:26  Supply Depot  
  24  2:31  Marine  
  24  2:33  SCV  
  26  2:45  SCV  
  26  2:49  Marine  
  28  2:57  SCV, Orbital Command  
  29  3:01  Factory Tech Lab  
  29  3:05  Refinery  
  29  3:14  Orbital Command  
  29  3:17  Marine  
  29  3:19  Marine  
  31  3:24  SCV  
  32  3:34  Marine  
  32  3:36  SCV  
  32  3:37  Marine  
  32  3:39  SCV  
  36  3:47  Barracks  
  36  3:48  SCV  
  37  3:51  SCV  
  37  3:52  Marine  
  39  3:56  Barracks Tech Lab  
  39  4:00  SCV  
  39  4:01  Supply Depot  
  40  4:03  SCV  
  41  4:11  Barracks Tech Lab  
  41  4:12  SCV  
  41  4:14  Marine  
  41  4:15  SCV, Stimpack  
  44  4:17  Siege Tank  
  47  4:24  SCV  
  47  4:28  SCV  
  47  4:29  Combat Shields, Marine  
  50  4:32  Marine  
  50  4:34  Marine  
  50  4:35  Supply Depot  
  50  4:36  SCV  
  53  4:40  SCV  
  53  4:42  Supply Depot  
  54  4:47  Marine  
  54  4:48  SCV, Engineering Bay  
  54  4:50  Marauder  
  58  4:54  SCV  
  59  5:01  SCV  
  59  5:05  Marauder  
  59  5:06  SCV  
  63  5:11  Marauder  
  63  5:13  SCV  
  66  5:14  Refinery  
  66  5:15  Terran Infantry Weapons Level 1  
  66  5:18  SCV  
  67  5:21  Refinery  
  67  5:24  Engineering Bay, Barracks Reactor  
  67  5:25  SCV  
  67  5:27  Marauder  
  70  5:29  Supply Depot  
  70  5:31  SCV  
  70  5:33  Marauder  
  73  5:37  SCV, Command Center  
  74  5:44  SCV  
  74  5:48  Marauder  
  74  5:49  SCV  
  78  5:50  Terran Infantry Armor Level 1  
  78  5:53  Supply Depot  
  78  5:54  Marauder  
  78  5:56  SCV  
  81  6:01  SCV  
  82  6:04  Siege Tank  
  82  6:08  SCV  
  86  6:13  Missile Turret  
  86  6:14  SCV  
  86  6:15  Marauder  
  86  6:16  Missile Turret  
  86  6:17  Concussive Shells  
  89  6:19  Supply Depot  
  89  6:20  Marauder  
  91  6:31  Barracks  
  91  6:35  Starport  
  91  6:36  Marauder  
  93  6:40  Marine, Siege Tank  
  93  6:42  Marauder  
  93  6:45  Supply Depot  
  99  6:48  Marine  
  99  6:49  SCV  
  99  6:50  SCV  
  99  6:51  SCV  
  103  7:01  SCV  
  103  7:02  SCV  
  103  7:04  SCV  
  103  7:07  Missile Turret  
  106  7:09  Missile Turret  
  106  7:11  Marauder  
  106  7:12  Siege Tank  
  106  7:13  SCV  
  106  7:14  Starport Reactor  
  111  7:16  SCV  
  111  7:17  Supply Depot, Orbital Command  
  112  7:25  SCV  
  112  7:28  SCV  
  114  7:30  Missile Turret  
  114  7:37  SCV  
  114  7:38  Refinery  
  114  7:40  SCV  
  114  7:42  SCV  
  114  7:43  Factory  
  117  7:44  Widow Mine, Supply Depot  
  117  7:46  Starport  
  117  7:48  Command Center  
  117  7:49  SCV  
  117  7:50  Medivac  
  122  7:52  SCV  
  122  7:55  SCV  
  124  8:01  Armory  
  124  8:02  SCV  
  124  8:04  SCV  
  126  8:08  Supply Depot  
  126  8:13  Siege Tank  
  126  8:14  Missile Turret  
  126  8:15  Medivac  
  131  8:22  Starport Tech Lab  
  131  8:26  Widow Mine, Refinery  
  133  8:32  Supply Depot  
  133  8:35  Missile Turret  
  133  8:36  Medivac  
  135  8:42  Raven  
  135  8:43  Missile Turret  
  135  8:44  Widow Mine  
  135  8:47  Missile Turret  
  139  8:50  Terran Infantry Weapons Level 2  
  139  8:51  Missile Turret  
  139  8:53  Missile Turret  
  139  8:54  Widow Mine  
  141  8:57  Barracks  
  141  8:59  Supply Depot, Marauder x2  
  145  9:08  Planetary Fortress  
  145  9:10  Missile Turret  
  145  9:12  Missile Turret  
  145  9:14  Siege Tank  
  145  9:15  Terran Vehicle Weapons Level 1  
  148  9:20  Marauder  
  148  9:21  Marauder  
  138  9:24  Marine, Factory Tech Lab, Refinery  
  138  9:25  Raven  
  138  9:26  Marine  
  138  9:27  Marine  
  128  9:36  Refinery  
  109  9:41  Marine, Missile Turret  
  109  9:42  Marine, Marauder, Widow Mine  
  109  9:43  Marine x2  
  109  9:45  Marine  
  114  9:46  Siege Tank  
  114  9:58  Hi-Sec Auto Tracking  
  114  9:59  Marine  
  115  10:01  Barracks Tech Lab, Marine  
  115  10:02  Marine  
  115  10:03  Marine, Marauder  
  115  10:06  Armory, Command Center  
  120  10:12  Siege Tank  
  123  10:17  Marauder  
  123  10:18  Siege Tank  
  123  10:19  SCV, Marine x2  
  123  10:20  Marine  
  123  10:21  Marine  
  131  10:23  SCV  
  131  10:25  Marauder  
  134  10:35  High Capacity Fuel Tanks, Medivac  
  136  10:37  Marauder  
  136  10:39  Marauder  
  140  10:44  Cyclone  
  140  10:46  Marauder  
  140  10:49  SCV x2, Marine x2  
  145  10:50  Siege Tank  
  145  10:52  Marine  
  145  10:56  Terran Vehicle And Ship Armor Level 1  
  138  10:58  SCV, Command Center  
  138  10:59  Marauder  
  138  11:00  Marauder  
  139  11:06  Marine  
  139  11:07  Marine  
  139  11:08  Marauder  
  141  11:12  SCV, Marine  
  141  11:16  Cyclone  
  145  11:19  Marine  
  145  11:22  Siege Tank  
  145  11:24  Marine  
  150  11:26  Marine  
  150  11:29  Liberator  
  150  11:31  Marine  
  150  11:32  Marine, Missile Turret  
  152  11:33  SCV  
  152  11:39  Raven  
  155  11:43  Building Armor  
  158  11:48  Siege Tank  
  158  11:50  Supply Depot  
  158  11:53  Marine x2  
  163  11:55  Marine  
  163  11:56  Marine  
  163  11:59  Viking  
  167  12:05  Marauder  
  167  12:08  Marauder  
  171  12:13  Ghost Academy  
  171  12:18  Planetary Fortress  
  171  12:22  Viking  
  173  12:24  Missile Turret  
  173  12:26  Missile Turret  
  173  12:28  Viking  
  175  12:30  Viking  
  175  12:33  Marauder x2  
  178  12:37  Marauder  
  178  12:41  Liberator  
  178  12:42  Marine  
  178  12:43  Marine  
  178  12:44  Marine  
  177  12:52  Raven  
  177  12:54  Ghost, Marine  
  182  12:59  Marauder  
  182  13:00  Medivac, Marine  
  182  13:01  Marine  
  182  13:02  Marine  
  182  13:03  Command Center  
  192  13:12  Marauder  
  194  13:18  Marine  
  194  13:19  Ghost  
  195  13:22  Marine  
  195  13:23  Marauder  
  196  13:28  Marine  
  199  13:39  Refinery  
  200  13:41  Refinery  
  200  13:44  Missile Turret  
  200  13:47  Missile Turret  
Tags
 
Composition
Bio Tank
Matchup
PvT
Replay Pack
First 100 games
Spawn Locations
Cross Positions
Add a new tag
Caveats
  • Supply blocks, unpowered buildings, or Contaminate may cause inaccurate times.
  • Supply counts are checked every 10 seconds.